 Dungeon Crawl Stone Soup version 0.17-a0-587-g4707e02 (webtiles) character file.

10291 Fluffy the Pandemonic (level 11, -11/89 HPs)
             Began as a Demonspawn Gladiator on Apr 15, 2015.
             Was a High Priest of Makhleb.
             Mangled by a white ugly thing (30 damage)
             ... on level 11 of the Dungeon.
             The game lasted 00:42:13 (12832 turns).

Fluffy the Pandemonic (Demonspawn Gladiator)       Turns: 12832, Time: 00:42:14

Health: -11/89     AC: 19    Str: 22    XL:     11   Next: 34%
Magic:  0/19       EV: 10    Int: 11    God:    Makhleb [*****.]
Gold:   603        SH:  0    Dex: 14    Spells: 0 memorised, 10 levels left

rFire  + + .     SeeInvis .     n - +1 great sword (slice)
rCold  x . .     Clarity  .     N - +0 plate armour {rF+}
rNeg   . . .     SustAb   .     (no shield)
rPois  +         Gourm    .     c - +0 helmet
rElec  .         Spirit   +     p - +2 cloak {rPois}
rCorr  .         Warding  .     (gloves unavailable)
rMut   .         Stasis   .     (no boots)
MR     +....                    (no amulet)
Stlth  ..........               z - ring of Aboli {Fire rPois MR+ Str+5}
                                k - ring of stealth

@: somewhat resistant to hostile enchantments, extremely unstealthy
A: claws 3, slimy green scales 3, demonic guardian 1, magic shield, magic
regeneration
a: Minor Destruction, Lesser Servant of Makhleb, Major Destruction, Greater
Servant of Makhleb, Renounce Religion


You were on level 11 of the Dungeon.
You worshipped Makhleb.
Makhleb was extremely pleased with you.
You were hungry.

You visited 1 branch of the dungeon, and saw 11 of its levels.

You collected 603 gold pieces.

Inventory:

Hand weapons
 n - a +1 great sword of slicing (weapon)
 M - the +4 great mace "Munuecwuti" {antimagic, Dex+5}
   (You found it on level 10 of the Dungeon)

   It disrupts the flow of magical energy around spellcasters and certain
   magical creatures (including the wielder).
   It affects your dexterity (+5).
Missiles
 d - 5 throwing nets (quivered)
Armour
 c - a +0 helmet (worn)
 p - a +2 cloak of poison resistance (worn)
 w - the +3 troll leather armour "Ixkoblus" {MR+++ Regen+ Int+4 Stlth-}
   (You found it on level 4 of the Dungeon)

   It affects your intelligence (+4).
   It affects your resistance to hostile enchantments.
   It increases your rate of regeneration.
   It makes you less stealthy.
 N - a +0 plate armour of fire resistance (worn)
Jewellery
 k - a ring of stealth (left claw)
 z - the ring of Aboli (right claw) {Fire rPois MR+ Str+5}
   (You found it on level 4 of the Dungeon)

   [ring of fire]

   It enhances your fire magic, and weakens your ice magic.
   It affects your strength (+5).
   It protects you from fire.
   It makes you vulnerable to cold.
   It protects you from poison.
   It affects your resistance to hostile enchantments.
 H - an uncursed ring of flight
Magical devices
 l - a wand of confusion (0)
 y - a wand of digging (21)
 D - a wand of polymorph (11)
Scrolls
 h - 2 scrolls of amnesia
 m - 9 scrolls of remove curse
 q - 2 scrolls of fog
 r - 2 scrolls of recharging
 t - 2 scrolls of enchant weapon
 P - a scroll of teleportation
Potions
 e - a potion of invisibility
 j - a potion of cure mutation
 o - 3 potions of cancellation
 u - 3 potions of might
 x - 2 potions of magic
 A - 2 potions of curing
 B - a potion of restore abilities
 E - 4 potions of haste {unknown}
 F - a potion of brilliance {unknown}
 G - 2 potions of flight {unknown}
 I - a potion of mutation {unknown}
 J - 3 potions of heal wounds {unknown}
Books
 a - a Grand Grimoire {highlevel, unknown}

   This book is beyond your current level of understanding.

   Spells                             Type                      Level
   a - Aura of Abjuration             Summoning                    6
   b - Summon Greater Demon           Summoning                    7
   c - Malign Gateway                 Summoning/Translocation      7
   d - Summon Horrible Things         Summoning                    8
 g - a book of Enchantments

   Spells                             Type                      Level
   a - Cause Fear                     Hexes                        4
   b - Silence                        Hexes/Air                    5
   c - Deflect Missiles               Charms/Air                   6
   d - Haste                          Charms                       6
   e - Discord                        Hexes                        8
 i - a book of Maledictions

   Spells                             Type                      Level
   a - Corona                         Hexes                        1
   b - Ensorcelled Hibernation        Hexes/Ice                    2
   c - Confuse                        Hexes                        3
   d - Tukima's Dance                 Hexes                        3
   e - Dazzling Spray                 Conjuration/Hexes            3
 C - a book of Party Tricks

   Spells                             Type                      Level
   a - Summon Butterflies             Summoning                    1
   b - Apportation                    Translocation                1
   c - Tukima's Dance                 Hexes                        3
   d - Alistair's Intoxication        Transmutation/Poison         4
   e - Invisibility                   Hexes                        6
Miscellaneous
 K - a phial of floods
 L - a lamp of fire
Comestibles
 b - 13 fruits
 f - 7 bread rations
 s - 3 slices of pizza
 v - 3 meat rations
 O - a chunk of flesh


   Skills:
 + Level 9.4 Fighting
 + Level 8.9 Long Blades
 - Level 1.7 Throwing
 + Level 3.6 Armour
 + Level 8.2 Dodging
 + Level 10.7 Invocations


You had 10 spell levels left.
You didn't know any spells.

Dungeon Overview and Level Annotations

Branches:
Dungeon (11/15)            Temple (0/1) D:4            Lair (0/8) D:9
    Orc (0/4) D:11

Altars:
Cheibriados
Dithmenos
Elyvilon
Fedhas
Gozag
Makhleb
Trog
Xom
Yredelemnul
The Shining One

Annotations:
D:4 2 runed doors


Innate Abilities, Weirdness & Mutations

You have claws for hands.
You are completely covered in slimy green scales (AC +4, rPois).
A weak demonic guardian rushes to your aid.
When hurt, damage is shared between your health and your magic reserves.
You regenerate magic rapidly.


Message History

Your white imp dies!
There is an open door, spattered with blood here.
You swap places.
The white ugly thing headbutts your iron imp!
The white ugly thing freezes your iron imp!
Your iron imp resists.
Your iron imp dies!
Your iron imp hits the white ugly thing but does no damage.
There is an open door here.
The white ugly thing headbutts you but does no damage.
Your crimson imp hits the white ugly thing.
Your crimson imp blinks!
The orc warrior hits your iron imp with a long sword.
Your iron imp hits the orc warrior!
Something hits your iron imp!
Your iron imp disappears in a puff of smoke!
The white ugly thing headbutts you.
* * * LOW HITPOINT WARNING * * *
The white ugly thing freezes you!!!
You feel a terrible chill!
You die...

....#........#.....#....
....#........###........
....#.......)).).......#####
....#........#.............#
....#........#.............#
+####........#.............#
.............#.....>.......+
.............#.............# .
..o..........###@......#####.....
.o#............u.................
..#....................###.......
..#....................###...###
.......####....................
...............######...........
................. ......... .
################# ##########


You could see a white ugly thing.

Vanquished Creatures
  Josephine (D:11)
  2 death yaks (D:9)
  Pikel (D:4)
  A hill giant (D:11)
  A two-headed ogre (D:10)
  3 slime creatures (D:9)
  2 wraiths (D:11)
  10 yaks
  2 wyverns
  2 hippogriffs
  A hungry ghost (D:9)
  A soldier ant (D:11)
  A water moccasin (D:5)
  3 sky beasts
  An ice beast (D:5)
  6 orc warriors
  2 ogres
  A phantom (D:9)
  A necrophage (D:8)
  A centaur (D:8)
  Blork the orc (D:6)
  8 giant frogs
  4 scorpions
  5 killer bees (D:9)
  2 jellies
  A crimson imp (D:5)
  3 hounds
  2 centaur skeletons
  3 orc priests
  A giant frog skeleton (D:8)
  7 worker ants
  4 iguanas
  7 orc wizards
  A killer bee zombie (D:9)
  A mummy (D:10)
  7 gnolls
  2 shadow imps
  12 adders
  3 oozes
  An adder zombie (D:6)
  5 worms
  3 giant geckos
  33 orcs
  18 goblins
  14 hobgoblins
  21 jackals
  3 quokkas
  5 ball pythons
  13 bats
  7 giant cockroaches
  A giant gecko skeleton (D:4)
  A giant gecko zombie (D:7)
  6 giant newts
  A jackal skeleton (D:7)
  11 kobolds
  A quokka zombie (D:7)
  10 rats
  8 ballistomycetes
279 creatures vanquished.

Vanquished Creatures (collateral kills)
  Joseph (D:7)
  A slime creature (D:9)
  A wraith (D:11)
  A hippogriff (D:7)
  Edmund (D:5)
  A slave (D:4)
  An ogre (D:7)
  An ice beast (D:6)
  2 hounds
  An orc wizard (D:4)
  Crazy Yiuf (D:3)
  2 orc priests (D:3)
  2 iguanas (D:7)
  A gnoll (D:3)
  10 orcs
  A goblin (D:3)
  A bat (D:3)
  A rat (D:7)
30 creatures vanquished.

Vanquished Creatures (others)
  12 crimson imps
  12 iron imps
  8 quasits
  19 white imps
  19 ufetubi
  A giant gecko (D:5)
  2 giant spores
  2 kobolds (D:5)
75 creatures vanquished.

Grand Total: 384 creatures vanquished

Notes
Turn   | Place    | Note
--------------------------------------------------------------
     0 | D:1      | Fluffy, the Demonspawn Gladiator, began the quest for the Orb.
     0 | D:1      | Reached XP level 1. HP: 16/16 MP: 1/1
   458 | D:1      | Gained mutation: A weak demonic guardian rushes to your aid. [demonic ancestry]
   458 | D:1      | Reached XP level 2. HP: 20/22 MP: 2/2
   784 | D:1      | Reached skill level 3 in Long Blades
  1262 | D:1      | Reached skill level 1 in Armour
  1742 | D:2      | Gained mutation: You have sharp fingernails. [demonic ancestry]
  1742 | D:2      | Reached XP level 3. HP: 13/28 MP: 3/3
  1997 | D:2      | Found a shimmering altar of Xom.
  1998 | D:2      | Found a shimmering altar of Xom.
  1998 | D:2      | Found a shimmering altar of Xom.
  1999 | D:2      | Found a shimmering altar of Xom.
  1999 | D:2      | Found a shimmering altar of Xom.
  1999 | D:2      | Found a shimmering altar of Xom.
  1999 | D:2      | Found a shimmering altar of Xom.
  2000 | D:2      | Found a shimmering altar of Xom.
  2004 | D:2      | You fall through a shaft for 2 floors!
  2352 | D:3      | Gained mutation: You are partially covered in slimy green scales (AC +2). [demonic ancestry]
  2352 | D:3      | Reached XP level 4. HP: 27/34 MP: 4/4
  3011 | D:3      | Reached XP level 5. HP: 26/41 MP: 5/5
  3701 | D:2      | Found a burning altar of Makhleb.
  3710 | D:2      | Became a worshipper of Makhleb the Destroyer
  3838 | D:2      | Found a blossoming altar of Fedhas.
  3893 | D:2      | Found a bloodstained altar of Trog.
  4290 | D:3      | Reached skill level 1 in Invocations
  4512 | D:3      | Acquired Makhleb's first power
  4521 | D:3      | Reached skill level 4 in Long Blades
  4521 | D:3      | Gained mutation: You have very sharp fingernails. [demonic ancestry]
  4521 | D:3      | Reached XP level 6. HP: 43/47 MP: 5/7
  4544 | D:3      | Noticed Crazy Yiuf
  4559 | D:3      | Paralysed by Crazy Yiuf for 5 turns
  4564 | D:3      | Killed Crazy Yiuf
  5277 | D:4      | Found a large runed door.
  5278 | D:4      | Found a large runed door.
  5311 | D:4      | Noticed an ogre
  5340 | D:4      | Killed an ogre
  5462 | D:4      | Got a jewelled troll leather armour
  5480 | D:4      | Identified the +3 troll leather armour "Ixkoblus" {MR+++ Regen+ Int+4 Stlth-} (You found it on level 4 of the Dungeon)
  5531 | D:4      | Found a large runed door.
  5532 | D:4      | Found a large runed door.
  5543 | D:4      | Gained mutation: You are mostly covered in slimy green scales (AC +3). [demonic ancestry]
  5543 | D:4      | Reached XP level 7. HP: 49/54 MP: 9/9
  5572 | D:4      | Noticed a giant frog
  5595 | D:4      | Killed a giant frog
  5607 | D:4      | Got a translucent ivory ring
  5608 | D:4      | Identified the ring of Aboli {Fire rPois MR+ Str+5} (You found it on level 4 of the Dungeon)
  5663 | D:4      | Found a basalt altar of Yredelemnul.
  5663 | D:4      | Found a white marble altar of Elyvilon.
  5707 | D:4      | Found a staircase to the Ecumenical Temple.
  5849 | D:4      | Acquired Makhleb's second power
  6009 | D:4      | Noticed a scorpion
  6021 | D:4      | Killed a scorpion
  6253 | D:5      | Entered Level 5 of the Dungeon
  6253 | D:5      | Noticed Pikel
  6650 | D:4      | Killed Pikel
  6650 | D:4      | Reached skill level 5 in Fighting
  6650 | D:4      | Reached skill level 5 in Long Blades
  6650 | D:4      | Reached skill level 5 in Invocations
  6650 | D:4      | Gained mutation: You have claws for hands. [demonic ancestry]
  6650 | D:4      | Reached XP level 8. HP: 28/63 MP: 11/11
  6976 | D:5      | Found a snail-covered altar of Cheibriados.
  7047 | D:5      | Reached skill level 6 in Fighting
  7047 | D:5      | Reached skill level 5 in Dodging
  7221 | D:5      | Noticed Edmund
  7229 | D:5      | Killed Edmund
  7485 | D:5      | Acquired Makhleb's third power
  7665 | D:6      | Gained mutation: When hurt, damage is shared between your health and your magic reserves. [demonic ancestry]
  7665 | D:6      | Reached XP level 9. HP: 62/70 MP: 13/13
  7765 | D:6      | Noticed Blork the orc
  7784 | D:6      | Killed Blork the orc
  7879 | D:6      | Found an opulent altar of Gozag.
  8452 | D:7      | Reached skill level 7 in Invocations
  8653 | D:7      | Acquired Makhleb's fourth power
  8655 | D:7      | Noticed Joseph
  8699 | D:7      | Killed Joseph
  9068 | D:7      | Found a shadowy altar of Dithmenos.
  9543 | D:8      | Reached skill level 8 in Invocations
 10236 | D:9      | Noticed a death yak
 10243 | D:9      | Noticed a death yak
 10250 | D:9      | Killed a death yak
 10250 | D:9      | Gained mutation: You are completely covered in slimy green scales (AC +4, rPois). [demonic ancestry]
 10250 | D:9      | Reached XP level 10. HP: 72/80 MP: 13/16
 10260 | D:9      | Killed a death yak
 10260 | D:9      | Reached skill level 9 in Invocations
 10526 | D:9      | Found a staircase to the Lair.
 10719 | D:9      | Acquired Makhleb's fifth power
 11168 | D:10     | Entered Level 10 of the Dungeon
 11577 | D:10     | Reached skill level 10 in Invocations
 11644 | D:10     | Got a warped great mace
 11649 | D:10     | Identified the +4 great mace "Munuecwuti" {antimagic, Dex+5} (You found it on level 10 of the Dungeon)
 12100 | D:11     | Found a staircase to the Orcish Mines.
 12108 | D:11     | Noticed Josephine
 12140 | D:11     | Killed Josephine
 12140 | D:11     | Gained mutation: You regenerate magic rapidly. [demonic ancestry]
 12140 | D:11     | Reached XP level 11. HP: 87/89 MP: 18/18
 12261 | D:11     | Found a glowing golden altar of the Shining One.
 12672 | D:11     | Noticed a hill giant
 12698 | D:11     | Killed a hill giant
 12737 | D:11     | Noticed a white ugly thing
 12778 | D:11     | HP: 1/89 [orc priest/divine providence (10)]
 12832 | D:11     | Mangled by a white ugly thing

Action                   |  1- 3 |  4- 6 |  7- 9 | 10-12 || total
-------------------------+-------+-------+-------+-------++-------
Melee: Long sword        |   111 |   369 |   482 |       ||   962
       Unarmed           |       |       |     4 |       ||     4
       Great sword       |       |       |    67 |   311 ||   378
Evoke: Wand              |       |     2 |     3 |     3 ||     8
  Use: Scroll            |       |     6 |    14 |     4 ||    24
       Potion            |       |       |     2 |     1 ||     3
 Stab: Distracted        |       |       |     4 |     4 ||     8
       Sleeping          |       |       |     1 |       ||     1
       Confused          |       |       |     2 |     1 ||     3
  Eat: Chunk             |     4 |    11 |    18 |     9 ||    42
